Map: Odyssey LE

Players

GAMETIME - Winner!

  • Race: Zerg Zerg
  • Spawn Location: 5:00

TheoRy

  • Race: Protoss Protoss
  • Spawn Location: 11:00

Event: WCS Montreal 2017

VOD

Have the link to the VOD?

Description

Time

  • Played on: Sept. 8, 2017, 12:29 p.m.
  • Length: 7:09

All games in this series

Show
View Real Time Build Order
Export as new Build Order

GAMETIME Zerg - Winner!

Build Orders: Pool First 

Get SALT Encoding   

  12  0:00  Drone  
  13  0:12  Overlord  
  13  0:17  Drone  
  14  0:31  Drone x2  
  14  0:34  Drone  
  17  0:43  Extractor  
  17  0:45  Drone  
  17  0:50  Spawning Pool  
  17  0:56  Drone  
  17  1:08  Drone  
  18  1:21  Hatchery  
  17  1:36  Queen  
  17  1:37  Overlord  
  19  1:42  Drone  
  20  1:48  Metabolic Boost  
  20  1:53  Zergling x2  
  21  1:55  Zergling x2  
  22  2:08  Zergling x2  
  23  2:12  Queen  
  23  2:14  Zergling x2  
  26  2:23  Zergling x2  
  27  2:34  Hatchery  
  26  2:40  Drone  
  27  2:44  Drone  
  27  2:45  Drone  
  27  2:47  Drone  
  27  2:49  Drone  
  31  2:55  Drone  
  31  2:56  Drone  
  33  2:59  Drone  
  33  3:04  Overlord  
  34  3:12  Drone  
  34  3:13  Drone  
  34  3:21  Drone  
  34  3:23  Drone x2  
  34  3:24  Drone  
  34  3:25  Overlord  
  38  3:30  Drone x2  
  38  3:32  Drone  
  38  3:34  Drone  
  41  3:37  Drone  
  42  3:45  Drone  
  42  3:48  Roach Warren  
  42  3:53  Drone  
  42  3:54  Drone  
  43  3:55  Overlord  
  43  3:56  Drone  
  43  3:57  Drone x2  
  43  4:02  Drone x2  
  47  4:05  Extractor  
  47  4:06  Queen  
  48  4:11  Drone x2  
  48  4:13  Drone x2  
  48  4:16  Drone  
  53  4:17  Drone  
  53  4:20  Zergling x2  
  53  4:23  Zergling x4  
  57  4:28  Lair  
  57  4:31  Drone x2  
  57  4:32  Extractor, Drone  
  57  4:34  Extractor  
  57  4:35  Drone x2  
  57  4:36  Drone  
  57  4:37  Overlord  
  61  4:44  Roach x2  
  65  4:48  Overlord  
  65  4:57  Overlord  
  64  5:02  Overlord x2  
  63  5:08  Roach x6  
  63  5:12  Overlord  
  75  5:18  Overlord x3, Evolution Chamber  
  74  5:22  Roach x2  
  74  5:25  Glial Reconstitution  
  74  5:26  Overseer  
  80  5:28  Roach x2  
  80  5:29  Drone  
  80  5:31  Drone  
  80  5:33  Pneumatized Carapace  
  84  5:36  Overlord  
  84  5:46  Drone x4  
  84  5:48  Overlord  
  84  5:49  Roach  
  90  5:50  Roach  
  90  5:52  Roach  
  90  5:54  Roach  
  90  5:57  Roach  
  98  5:59  Roach  
  98  6:00  Roach  
  100  6:05  Roach x2  
  100  6:06  Roach  
  100  6:08  Roach  
  108  6:12  Overlord x2  
  108  6:14  Roach  
  108  6:17  Roach  
  108  6:18  Roach  
  114  6:22  Evolution Chamber  
  114  6:24  Roach  
  119  6:25  Roach x2  
  119  6:27  Roach  
  119  6:30  Roach x2  
  125  6:34  Roach  
  125  6:35  Evolution Chamber  
  125  6:36  Roach  
  125  6:38  Roach  
  132  6:40  Roach  
  132  6:42  Roach  
  132  6:43  Roach  
  132  6:46  Roach  
  138  6:48  Roach  
Show
View Real Time Build Order
Export as new Build Order

TheoRy Protoss 

Build Orders: 1 Gate Expand 

Get SALT Encoding   

  12  0:00  Probe (Chrono Boost)  
  13  0:11  Probe (Chrono Boost)  
  14  0:21  Pylon  
  14  0:23  Probe (Chrono Boost)  
  15  0:39  Probe (Chrono Boost), Gateway  
  16  0:48  Assimilator  
  17  0:50  Probe (Chrono Boost)  
  17  1:00  Probe (Chrono Boost)  
  18  1:11  Probe (Chrono Boost)  
  19  1:21  Probe (Chrono Boost)  
  20  1:29  Nexus  
  20  1:32  Probe (Chrono Boost)  
  21  1:42  Cybernetics Core  
  21  1:47  Probe (Chrono Boost)  
  21  1:53  Pylon  
  22  1:58  Assimilator  
  22  2:07  Probe (Chrono Boost)  
  23  2:11  Zealot (Chrono Boost)  
  25  2:21  Warp Gate  
  25  2:22  Mothership Core (Chrono Boost)  
  26  2:27  Gateway  
  26  2:39  Probe, Adept (Chrono Boost)  
  26  2:42  Probe  
  30  2:49  Twilight Council  
  30  2:55  Probe  
  30  2:56  Probe (Chrono Boost)  
  32  3:07  Probe (Chrono Boost)  
  32  3:08  Probe (Chrono Boost)  
  34  3:18  Probe (Chrono Boost)  
  34  3:19  Probe (Chrono Boost)  
  33  3:28  Probe (Chrono Boost)  
  33  3:29  Probe (Chrono Boost)  
  32  3:43  Charge  
  31  3:55  Probe (Chrono Boost)  
  31  3:56  Robotics Facility  
  31  3:59  Probe (Chrono Boost)  
  31  4:05  Probe (Chrono Boost)  
  32  4:22  Gateway  
  33  4:26  Gateway  
  33  4:27  Gateway  
  32  4:39  Gateway  
  32  4:40  Gateway  
  32  4:45  Warp Prism (Chrono Boost)  
  34  4:56  Pylon  
  34  5:03  Probe  
  34  5:06  Gateway  
  33  5:08  Gateway  
  33  5:10  Pylon  
  33  5:11  Probe  
  34  5:19  Pylon x2  
  34  5:21  Probe  
  35  5:51  Zealot x2  
  35  5:52  Zealot x5  
  45  6:11  Zealot  
  45  6:12  Zealot x2  
  45  6:13  Zealot x4  
  45  6:17  Zealot  
  61  6:28  Zealot  
  63  6:33  Zealot x3  
  63  6:34  Sentry  
  63  6:37  Zealot  
  73  6:48  Pylon  
  73  6:56  Probe  
Tags
 
Add a new tag
Caveats
  • Supply blocks, unpowered buildings, or Contaminate may cause inaccurate times.
  • Supply counts are checked every 10 seconds.